[Event "2nd Colonial Open 2021"]
[Site "Sterling"]
[Date "2021.04.03"]
[Round "2.1"]
[White "Prasanna Raghuram Rao"]
[Black "Zaloznyy, Mike"]
[Result "1-0"]
[ECO "A50"]
[WhiteElo "2435"]
[BlackElo "1996"]
[Annotator "ChessBase"]
[PlyCount "29"]
[EventDate "2021.04.02"]
[EventType "swiss"]
[EventCountry "USA"]
[SourceTitle "playchess.com"]
[Source "ChessBase"]
[SourceQuality "1"]
[TimeControl "7200+30"]

1. d4 Nf6 2. c4 b6 3. Nc3 Bb7 4. Qc2 d5 5. Nf3 e6 6. Bg5 Bb4 7. Qa4+ Nc6 8. Bxf6 Qxf6 9. Ne5 Qd8 10. Rc1 Qd6 11. cxd5 exd5 12. a3 Bc5 13. e3 f6 14. Nxc6 Bxc6 15. Bb5 1-0

[Event "2nd Colonial Open 2021"]
[Site "Sterling"]
[Date "2021.04.03"]
[Round "2.2"]
[White "Lu, Jason"]
[Black "Liang, Jason"]
[Result "0-1"]
[ECO "B11"]
[WhiteElo "2068"]
[BlackElo "2351"]
[Annotator "ChessBase"]
[PlyCount "116"]
[EventDate "2021.04.02"]
[EventType "swiss"]
[EventCountry "USA"]
[SourceTitle "playchess.com"]
[Source "ChessBase"]
[SourceQuality "1"]
[TimeControl "7200+30"]

1. e4 c6 2. Nf3 d5 3. Nc3 Bg4 4. h3 Bxf3 5. Qxf3 e6 6. Be2 Bc5 7. O-O Nd7 8. b4 Bd4 9. Qd3 Bf6 10. Rb1 Ne7 11. f4 Bxc3 12. dxc3 Nf6 13. e5 Ne4 14. Bf3 Nf5 15. Bxe4 dxe4 16. Qxd8+ Rxd8 17. Kf2 f6 18. Re1 e3+ 19. Bxe3 fxe5 20. Rbd1 Rxd1 21. Rxd1 Nxe3 22. Kxe3 exf4+ 23. Kxf4 Ke7 24. c4 Rf8+ 25. Ke3 Rf5 26. c5 Re5+ 27. Kf3 Rf5+ 28. Ke3 g5 29. c3 Rf4 30. Rd4 Rf1 31. h4 h6 32. hxg5 hxg5 33. Rg4 Kf6 34. Rd4 Rc1 35. Rd7 Rxc3+ 36. Kd4 Rc2 37. Rxb7 Rxa2 38. Rc7 Ra4 39. Kc3 Ra6 40. Kd4 g4 41. g3 Ra4 42. Kc3 a5 43. bxa5 Rxa5 44. Rxc6 Ra3+ 45. Kd4 Rxg3 46. Rc8 Rg1 47. Rg8 Kf5 48. Rf8+ Kg5 49. Re8 Rd1+ 50. Ke4 Re1+ 51. Kd3 g3 52. Kd2 Re5 53. c6 Rc5 54. Rxe6 g2 55. Re1 Kf4 56. Rb1 Kf3 57. c7 Rxc7 58. Rf1+ gxf1=R 0-1

[Event "2nd Colonial Open 2021"]
[Site "Sterling"]
[Date "2021.04.03"]
[Round "2.3"]
[White "Zhurbinsky, David"]
[Black "Chiu, Isaac"]
[Result "0-1"]
[ECO "A42"]
[WhiteElo "1823"]
[BlackElo "2195"]
[Annotator "ChessBase"]
[PlyCount "100"]
[EventDate "2021.04.02"]
[EventType "swiss"]
[EventCountry "USA"]
[SourceTitle "playchess.com"]
[Source "ChessBase"]
[SourceQuality "1"]
[TimeControl "7200+30"]

1. e4 g6 2. d4 Bg7 3. c4 d6 4. Nc3 e5 5. Be3 exd4 6. Bxd4 Nf6 7. Nf3 O-O 8. Be2 Re8 9. e5 dxe5 10. Bxe5 c6 11. O-O Bf5 12. Qb3 Qb6 13. Bd4 Qxb3 14. axb3 Na6 15. Ra4 c5 16. Bxf6 Bxf6 17. Re1 Nb4 18. Bf1 Rxe1 19. Nxe1 a6 20. Ra1 Rd8 21. Rd1 Rxd1 22. Nxd1 Nc2 23. Nd3 Bd4 24. Nc3 Na1 25. b4 Bxd3 26. Bxd3 cxb4 27. Na4 Nb3 28. Bc2 Nd2 29. c5 f5 30. Bd3 Kf7 31. c6 bxc6 32. Bxa6 Ke7 33. Bd3 Kd6 34. h4 Ba7 35. h5 Kd5 36. hxg6 hxg6 37. g4 fxg4 38. Kg2 Nf3 39. Be2 Ne5 40. Kg3 Bd4 41. Bd1 Kc4 42. Be2+ Kb3 43. Bd1+ Ka2 44. b3 Kb1 45. Be2 g5 46. Bc4 Nxc4 47. bxc4 Kc2 48. c5 b3 49. Kxg4 b2 50. Nxb2 Kxb2 0-1

[Event "2nd Colonial Open 2021"]
[Site "Sterling"]
[Date "2021.04.03"]
[Round "2.4"]
[White "Park, Evan"]
[Black "Altman, Joshua"]
[Result "1/2-1/2"]
[ECO "A29"]
[WhiteElo "2208"]
[BlackElo "1926"]
[Annotator "ChessBase"]
[PlyCount "100"]
[EventDate "2021.04.02"]
[EventType "swiss"]
[EventCountry "USA"]
[SourceTitle "playchess.com"]
[Source "ChessBase"]
[SourceQuality "1"]
[TimeControl "7200+30"]

1. c4 e5 2. g3 Nc6 3. Bg2 Bc5 4. Nc3 Nf6 5. Nf3 d6 6. O-O O-O 7. e3 h6 8. d3 a6 9. a3 Rb8 10. Nd5 Ba7 11. b4 Nh7 12. Bb2 Ne7 13. Nxe7+ Qxe7 14. c5 Bg4 15. Qb3 Qe6 16. Qc3 Bh3 17. Qc4 Qxc4 18. dxc4 Bxg2 19. Kxg2 f6 20. cxd6 cxd6 21. Rfd1 Rfd8 22. Nh4 Rbc8 23. Rac1 Kf7 24. Nf5 Bb8 25. e4 Ng5 26. f3 Ne6 27. a4 h5 28. Ne3 Ba7 29. Nd5 Bd4 30. Ba3 Nc7 31. Kf1 Nxd5 32. cxd5 Ke7 33. Ke2 Kd7 34. Rxc8 Rxc8 35. Rc1 Rxc1 36. Bxc1 b5 37. axb5 axb5 38. Bd2 g5 39. h3 Ke7 40. Kd3 Bf2 41. f4 Bxg3 42. fxg5 fxg5 43. Bxg5+ Kd7 44. Ke2 Ke8 45. Kf1 Kf7 46. Ke2 Ke8 47. h4 Kf7 48. Kf1 Ke8 49. Ke2 Kf7 50. Kf1 Ke8 1/2-1/2

[Event "2nd Colonial Open 2021"]
[Site "Sterling"]
[Date "2021.04.03"]
[Round "2.5"]
[White "Yogeshwar Yehamandram Sridhar"]
[Black "Miller, Daniel"]
[Result "0-1"]
[ECO "C28"]
[WhiteElo "1794"]
[BlackElo "2182"]
[Annotator "NA"]
[PlyCount "96"]
[EventDate "2021.04.02"]
[EventType "swiss"]
[EventCountry "USA"]
[SourceTitle "playchess.com"]
[Source "ChessBase"]
[SourceQuality "1"]
[TimeControl "7200+30"]

1. e4 e5 2. Nf3 Nf6 3. Nc3 Bb4 4. Bc4 O-O 5. d3 d5 6. exd5 Nxd5 7. Bd2 Bxc3 8. Bxc3 $11 Nxc3 9. bxc3 Nc6 10. h3 Bf5 11. O-O e4 12. dxe4 Qxd1 13. Raxd1 Bxe4 14. Rd7 Bxf3 15. gxf3 Ne5 16. Rxc7 Rac8 17. Rxc8 Rxc8 18. Bb3 g5 19. Rd1 Kg7 20. Kg2 Rxc3 21. Re1 Ng6 22. Re3 Nh4+ 23. Kf1 Rxe3 24. fxe3 Nxf3 25. Bd5 Nd2+ 26. Ke1 Nb1 27. Bxb7 Nc3 28. a3 Kf6 29. Kd2 Nb5 30. a4 Nd6 31. Bf3 Nc4+ 32. Ke2 a5 33. Bd5 Nb6 34. Bc6 h5 35. Kd3 Ke5 36. Be8 h4 37. c4 f5 38. c5 Nd5 39. Ke2 Nf6 40. Bg6 Ne4 41. c6 Nc3+ 42. Kf3 Nxa4 43. e4 f4 44. Kg4 Nb6 45. c7 a4 46. Bf7 a3 47. Kf3 Kd6 48. Ba2 Kxc7 0-1

[Event "2nd Colonial Open 2021"]
[Site "Sterling"]
[Date "2021.04.03"]
[Round "2.6"]
[White "Singh, Hersh"]
[Black "Kanli, Alperen"]
[Result "1/2-1/2"]
[ECO "D20"]
[WhiteElo "2080"]
[BlackElo "1911"]
[Annotator "NA"]
[PlyCount "31"]
[EventDate "2021.04.02"]
[EventType "swiss"]
[EventCountry "USA"]
[SourceTitle "playchess.com"]
[Source "ChessBase"]
[SourceQuality "1"]
[TimeControl "7200+30"]

1. d4 d5 2. c4 dxc4 3. e4 e5 4. Nf3 exd4 5. Bxc4 Nc6 6. O-O Be6 7. Bb5 Bd7 8. Bxc6 Bxc6 9. Nxd4 Bd7 10. Qb3 c5 11. Nf5 Qb6 12. Nc3 O-O-O 13. Bf4 Bxf5 14. exf5 Qxb3 15. axb3 a6 16. b4 1/2-1/2

[Event "2nd Colonial Open 2021"]
[Site "Sterling"]
[Date "2021.04.03"]
[Round "2.8"]
[White "Ye, Chen-Chen"]
[Black "Siamon, David"]
[Result "1/2-1/2"]
[ECO "B15"]
[WhiteElo "1798"]
[BlackElo "1956"]
[Annotator "NA"]
[PlyCount "67"]
[EventDate "2021.04.02"]
[EventType "swiss"]
[EventCountry "USA"]
[SourceTitle "playchess.com"]
[Source "ChessBase"]
[SourceQuality "1"]
[TimeControl "7200+30"]

1. e4 c6 2. d4 d5 3. Nc3 dxe4 4. Nxe4 Nf6 5. Nxf6+ exf6 6. c3 Bd6 7. Bd3 O-O 8. Qc2 Re8+ 9. Ne2 h5 10. O-O Be6 11. Bf4 Qc7 12. Bxd6 Qxd6 13. Rae1 Nd7 14. f4 Nb6 15. f5 Bc4 16. b3 Bxd3 17. Qxd3 Nd5 18. Ng3 Rxe1 19. Rxe1 h4 20. Nh5 Nf4 21. Nxf4 Qxf4 22. a4 Rd8 23. b4 a5 24. b5 c5 25. Qe4 Qd2 26. Qe3 Qxe3+ 27. Rxe3 cxd4 28. Rd3 Rd5 29. Rxd4 Rxd4 30. cxd4 Kf8 31. Kf2 Ke7 32. Ke3 Kd6 33. Ke4 g6 34. g3 1/2-1/2

[Event "2nd Colonial Open 2021"]
[Site "Sterling"]
[Date "2021.04.03"]
[Round "2.9"]
[White "Yanayt, Eugene"]
[Black "Dill, James"]
[Result "1-0"]
[ECO "E04"]
[WhiteElo "2079"]
[BlackElo "1823"]
[Annotator "NA"]
[PlyCount "67"]
[EventDate "2021.04.02"]
[EventType "swiss"]
[EventCountry "USA"]
[SourceTitle "playchess.com"]
[Source "ChessBase"]
[SourceQuality "1"]
[TimeControl "7200+30"]

1. d4 Nf6 2. c4 e6 3. Nf3 d5 4. g3 dxc4 5. Bg2 Nc6 6. O-O Rb8 7. Nc3 b5 8. Ne5 Nxe5 9. dxe5 Ng4 10. Qxd8+ Kxd8 11. Rd1+ Ke7 12. Bf4 Rg8 13. Ne4 Bb7 14. Ng5 Bxg2 15. Kxg2 h6 16. Nf3 g5 17. Bd2 Bg7 18. Bb4+ Ke8 19. a4 Nxe5 20. Nd4 Bf8 21. Ba5 Rb7 22. Nxb5 Nc6 23. Bxc7 a6 24. Nd6+ Bxd6 25. Bxd6 Rxb2 26. Rac1 Ne7 27. Rxc4 f5 28. Rc7 Nd5 29. Ra7 Rb6 30. Rc1 Kd8 31. Ra8+ Kd7 32. Rxg8 Kxd6 33. Rgc8 f4 34. a5 1-0

[Event "2nd Colonial Open 2021"]
[Site "Sterling"]
[Date "2021.04.04"]
[Round "3.4"]
[White "Altman, Joshua"]
[Black "Singh, Hersh"]
[Result "1/2-1/2"]
[ECO "D36"]
[WhiteElo "1926"]
[BlackElo "2080"]
[Annotator "RC"]
[PlyCount "88"]
[EventDate "2021.04.02"]
[EventType "swiss"]
[EventCountry "USA"]
[SourceTitle "playchess.com"]
[Source "ChessBase"]
[SourceQuality "1"]
[TimeControl "7200+30"]

1. d4 d5 2. c4 e6 3. Nc3 Nf6 4. cxd5 exd5 5. Bg5 c6 6. Qc2 Be7 7. e3 Nbd7 8. Bd3 Nf8 9. Nge2 Ne6 10. Bh4 g6 11. O-O O-O 12. f3 b6 13. Rad1 Bb7 14. Kh1 Nh5 15. Bf2 f5 16. Nc1 Rc8 17. Be2 Nf6 18. Nd3 c5 19. Qb1 Qe8 20. Ne5 Bd6 21. f4 cxd4 22. Nb5 Bb8 23. Nxd4 Bxe5 24. fxe5 Ne4 25. Bd3 N6c5 26. Nf3 Qe6 27. Bg3 Nxg3+ 28. hxg3 Ne4 29. Bxe4 fxe4 30. Nd4 Qxe5 31. Rxf8+ Rxf8 32. Rf1 Qxg3 33. Rxf8+ Kxf8 34. Qf1+ Ke7 35. Qc1 Qe5 36. Qc3 Kf7 37. Qc2 Kg7 38. Qa4 Kh6 39. Qxa7 Qc7 40. Ne6 Qc6 41. Nd4 Qc1+ 42. Kh2 Qxe3 43. Ne6 Qf2 44. Qxb7 Qh4+ 1/2-1/2

[Event "2nd Colonial Open 2021"]
[Site "Sterling"]
[Date "2021.04.04"]
[Round "4.2"]
[White "Miller, Daniel"]
[Black "Liang, Jason"]
[Result "1-0"]
[ECO "B15"]
[WhiteElo "2182"]
[BlackElo "2351"]
[Annotator "ChessBase"]
[PlyCount "171"]
[EventDate "2021.04.02"]
[EventType "swiss"]
[EventCountry "USA"]
[SourceTitle "playchess.com"]
[Source "ChessBase"]
[SourceQuality "1"]
[TimeControl "7200+30"]

1. e4 c6 2. Nc3 d5 3. Nf3 dxe4 4. Nxe4 Nf6 5. Nxf6+ exf6 6. d4 Bd6 7. Be2 O-O 8. O-O Bg4 9. h3 Be6 10. Re1 Re8 11. c4 Na6 12. Be3 Qd7 13. d5 cxd5 14. cxd5 Bxd5 15. Nd4 Nc7 16. Bg4 Ne6 17. Qd2 Bf8 18. Red1 Red8 19. Rac1 Qe8 20. Qa5 b6 21. Qa6 Rd7 22. a3 Bb7 23. Qa4 Rxd4 24. Rxd4 Nxd4 25. Qxe8 Rxe8 26. Bxd4 Bd6 27. Rd1 Rd8 28. Bc3 f5 29. Be2 Bc7 30. Rc1 Bf4 31. Rd1 Rxd1+ 32. Bxd1 Bd5 33. Kf1 Bd6 34. Bc2 f4 35. Bd1 f6 36. f3 Be5 37. Be2 Kf7 38. Bd3 h6 39. Ke2 Bxc3 40. bxc3 Ke6 41. Kd2 Kd6 42. c4 Be6 43. Kc3 Kc5 44. Bf1 g5 45. Bd3 h5 46. Be2 Bd7 47. Bd1 Bf5 48. Be2 Be6 49. Bd3 a6 50. Be2 Bf5 51. Bf1 g4 52. hxg4 hxg4 53. Be2 gxf3 54. gxf3 Bh3 55. Kd3 f5 56. Kc3 Bg2 57. Kd3 Kd6 58. Kd4 Ke6 59. c5 b5 60. c6 Kd6 61. c7 Kxc7 62. Ke5 Kb6 63. Kxf4 Ka5 64. Bd1 Bh3 65. Be2 Ka4 66. Kg3 Kxa3 67. Kxh3 Kb4 68. f4 a5 69. Bd3 a4 70. Bxf5 Kc3 71. Be6 Kd4 72. Kg4 b4 73. f5 b3 74. f6 Ke5 75. f7 b2 76. Ba2 a3 77. f8=Q b1=Q 78. Bxb1 a2 79. Qf4+ Kd5 80. Bxa2+ Kc5 81. Kf5 Kb5 82. Ke5 Kc5 83. Bd5 Kb5 84. Kd6 Ka6 85. Qb4 Ka7 86. Qb7# 1-0

[Event "2nd Colonial Open 2021"]
[Site "Sterling"]
[Date "2021.04.04"]
[Round "4.3"]
[White "Park, Evan"]
[Black "Lee, Justin"]
[Result "0-1"]
[ECO "A31"]
[WhiteElo "2208"]
[BlackElo "1953"]
[Annotator "ChessBase"]
[PlyCount "68"]
[EventDate "2021.04.02"]
[EventType "swiss"]
[EventCountry "USA"]
[SourceTitle "playchess.com"]
[Source "ChessBase"]
[SourceQuality "1"]
[TimeControl "7200+30"]

1. e4 c5 2. Nf3 e6 3. d4 cxd4 4. Nxd4 a6 5. c4 Nf6 6. Nc3 Qc7 7. Be2 b6 8. O-O Bb7 9. f3 d6 10. Be3 Be7 11. a4 O-O 12. Qd2 Nbd7 13. a5 bxa5 14. Nb3 d5 15. exd5 exd5 16. Nxd5 Bxd5 17. cxd5 Bd6 18. f4 Qb7 19. Bc4 Nb6 20. Nxa5 Nxc4 21. Nxb7 Nxd2 22. Nxd6 Nxf1 23. Rxf1 Nxd5 24. Bc5 Rab8 25. Ba3 Rb3 26. g3 Rd8 27. Rc1 h5 28. Ne4 Re8 29. Nd6 Rd8 30. Ne4 Re3 31. Nc5 Nf6 32. Rc2 Rc8 33. Kf2 Rxa3 34. bxa3 Rxc5 0-1

[Event "2nd Colonial Open 2021"]
[Site "Sterling"]
[Date "2021.04.04"]
[Round "4.4"]
[White "Peraino, Andrew"]
[Black "Chiu, Isaac"]
[Result "0-1"]
[ECO "B06"]
[WhiteElo "2029"]
[BlackElo "2195"]
[Annotator "NA"]
[PlyCount "72"]
[EventDate "2021.04.02"]
[EventType "swiss"]
[EventCountry "USA"]
[SourceTitle "playchess.com"]
[Source "ChessBase"]
[SourceQuality "1"]
[TimeControl "7200+30"]

1. e4 g6 2. d4 Bg7 3. f4 c5 4. c3 cxd4 5. cxd4 d5 $11 6. e5 Nc6 7. Nc3 Nh6 8. Be3 O-O 9. Qd2 f6 10. Be2 Be6 11. Rc1 Nf5 12. Nf3 Bh6 13. g4 Nxe3 14. Qxe3 Bxg4 15. Nxd5 Be6 16. Nc3 fxe5 17. Ng5 Bxg5 18. fxg5 Qxd4 19. Qxd4 exd4 20. Ne4 Bxa2 21. Nc5 Ne5 22. h4 Bd5 23. Rh3 Rac8 24. Kd2 b6 25. Nd3 Nxd3 26. Rxc8 Rxc8 27. Bxd3 e5 28. h5 e4 29. Ba6 Rf8 30. hxg6 hxg6 31. Ke1 Rf4 32. Rg3 Kg7 33. Be2 a5 34. Bb5 Rh4 35. Rg2 Rh1+ 36. Ke2 Rb1 0-1

[Event "2nd Colonial Open 2021"]
[Site "Sterling"]
[Date "2021.04.04"]
[Round "4.5"]
[White "Yanayt, Eugene"]
[Black "Mundayat, Abinav"]
[Result "1-0"]
[ECO "E05"]
[WhiteElo "2079"]
[BlackElo "1941"]
[Annotator "ChessBase"]
[PlyCount "61"]
[EventDate "2021.04.02"]
[EventType "swiss"]
[EventCountry "USA"]
[SourceTitle "playchess.com"]
[Source "ChessBase"]
[SourceQuality "1"]
[TimeControl "7200+30"]

1. d4 Nf6 2. c4 e6 3. g3 d5 4. Nf3 Be7 5. Bg2 O-O 6. O-O dxc4 7. Qc2 a6 8. a4 Bd7 9. Ne5 Bc6 10. Nxc6 Nxc6 11. e3 Nd5 12. a5 b5 13. axb6 cxb6 14. Qxc4 Na5 15. Qa4 Qe8 16. Qd1 Qb5 17. e4 Nf6 18. Nc3 Qb3 19. Ra4 Rfd8 20. d5 Qxd1 21. Rxd1 Nb3 22. Bf4 b5 23. Ra2 b4 24. Na4 exd5 25. e5 Nh5 26. Be3 Rac8 27. Bxd5 Bc5 28. Nxc5 Nxc5 29. Bxc5 Kh8 30. Be7 Rd7 31. Bd6 1-0

[Event "2nd Colonial Open 2021"]
[Site "Sterling"]
[Date "2021.04.04"]
[Round "4.7"]
[White "Zhurbinsky, David"]
[Black "Zaloznyy, Mike"]
[Result "1-0"]
[ECO "C41"]
[WhiteElo "1823"]
[BlackElo "1996"]
[Annotator "ChessBase"]
[PlyCount "167"]
[EventDate "2021.04.02"]
[EventType "swiss"]
[EventCountry "USA"]
[SourceTitle "playchess.com"]
[Source "ChessBase"]
[SourceQuality "1"]
[TimeControl "7200+30"]

1. e4 d6 2. d4 Nf6 3. Nc3 e5 4. Nf3 Nbd7 5. Bc4 Be7 6. Bxf7+ Kxf7 7. Ng5+ Kg8 8. Ne6 Qe8 9. Nxc7 Qg6 10. Nxa8 Qxg2 11. Rf1 exd4 12. Qxd4 Ne5 13. f3 Bh3 14. Qf2 Qxf1+ 15. Qxf1 Bxf1 16. Kxf1 Nxf3 17. Bf4 Nh5 18. Bg3 Nxg3+ 19. hxg3 Nd4 20. Nd5 Kf7 21. Nac7 Nxc2 22. Rc1 Nd4 23. Nxe7 Kxe7 24. Nd5+ Ke6 25. Rc7 Rf8+ 26. Nf4+ Kf6 27. Rxb7 g5 28. Nd3 Kg6+ 29. Kg2 Rf3 30. Nf2 Rf7 31. Rb8 Rc7 32. Rd8 Rc6 33. Rg8+ Kf6 34. Ng4+ Kf7 35. Rxg5 Rc2+ 36. Kh3 Rxb2 37. Rd5 Ne6 38. Nh6+ Kf6 39. Ng4+ Kf7 40. Ra5 Kg6 41. Kh4 Rb1 42. Nf2 Rb2 43. Nh3 Re2 44. Ra4 Rh2 45. Ra6 Re2 46. Rxd6 Rxe4+ 47. g4 Kf6 48. Ra6 h6 49. Rxa7 Nd4 50. Ra6+ Kg7 51. Kg3 Re3+ 52. Kg2 Ne6 53. a4 Re2+ 54. Kg3 Re3+ 55. Kf2 Re5 56. Kf3 Nd4+ 57. Kf4 Re2 58. Rd6 Nb3 59. Kf5 Nc5 60. Nf4 Rf2 61. a5 Ra2 62. Rd5 Nb3 63. Nh5+ Kf7 64. Rd7+ Kf8 65. Kg6 Nc5 66. Ra7 Ke8 67. Kxh6 Nd7 68. g5 Rh2 69. a6 Ne5 70. g6 Nxg6 71. Kxg6 Ra2 72. Ng7+ Kd8 73. Ne6+ Kc8 74. Kf7 Rf2+ 75. Ke7 Rb2 76. Ra8+ Rb8 77. Rxb8+ Kxb8 78. Nc5 Ka7 79. Kd7 Ka8 80. Kc6 Ka7 81. Kc7 Ka8 82. Kb6 Kb8 83. Ne6 Ka8 84. Nc7+ 1-0

[Event "2nd Colonial Open 2021"]
[Site "Sterling"]
[Date "2021.04.04"]
[Round "4.8"]
[White "Lu, Jason"]
[Black "Kanli, Alperen"]
[Result "1/2-1/2"]
[ECO "B11"]
[WhiteElo "2068"]
[BlackElo "1911"]
[Annotator "ChessBase"]
[PlyCount "112"]
[EventDate "2021.04.02"]
[EventType "swiss"]
[EventCountry "USA"]
[SourceTitle "playchess.com"]
[Source "ChessBase"]
[SourceQuality "1"]
[TimeControl "7200+30"]

1. e4 c6 2. Nf3 d5 3. Nc3 Bg4 4. h3 Bh5 5. exd5 cxd5 6. Bb5+ Nc6 7. g4 Bg6 8. Ne5 Rc8 9. d4 e6 10. Bf4 f6 11. Nxg6 hxg6 12. Qd3 Kf7 13. Bxc6 bxc6 14. Ne2 Bd6 15. Qg3 Bxf4 16. Nxf4 Ne7 17. Nd3 Qc7 18. Qxc7 Rxc7 19. f4 Nc8 20. O-O-O Nd6 21. b3 Ne4 22. Kb2 g5 23. Rde1 c5 24. dxc5 gxf4 25. Nxf4 g5 26. Nd3 Nxc5 27. Re3 Ne4 28. c4 dxc4 29. Ne5+ fxe5 30. Rxe4 cxb3 31. Rxe5 Kf6 32. Rhe1 Rc6 33. axb3 Rxh3 34. Ra5 Rb6 35. Rf1+ Kg6 36. Rxa7 Rhxb3+ 37. Kc2 R3b4 38. Raf7 e5 39. Re7 Rxg4 40. Rxe5 Rg3 41. Rf8 Ra6 42. Kb2 Rf6 43. Rd8 Rf2+ 44. Kc1 Rg1+ 45. Rd1 Rxd1+ 46. Kxd1 Kh5 47. Ke1 Rf8 48. Re7 Kh4 49. Rh7+ Kg3 50. Rg7 g4 51. Rh7 Kg2 52. Rg7 g3 53. Re7 Kg1 54. Re6 g2 55. Re7 Rh8 56. Rg7 Kh2 1/2-1/2